 Dungeon Crawl Stone Soup version 0.28-a0-1555-g9ae15a6949 (webtiles) character file.

Game seed: 14136707448998990386

1400 willcat the Skirmisher (level 8, -8/84 HPs)
             Began as an Ogre Gladiator on Jan 18, 2022.
             Was an Initiate of the Shining One.
             Mangled by a brown ugly thing (15 damage)
             ... on level 6 of the Dungeon.
             The game lasted 00:07:06 (6038 turns).

willcat the Skirmisher (Ogre Gladiator)             Turns: 6038, Time: 00:07:07

Health: -8/84      AC: -9    Str: 19    XL:     8   Next: 69%
Magic:  14/14      EV:  9    Int: 11    God:    the Shining One [......]
Gold:   308        SH:  7    Dex: 10    Spells: 13/16 levels left

rFire   . . .      SeeInvis .   a - +0 trident
rCold   . . .      Faith    .   q - +0 kite shield
rNeg    . . .      Spirit   .   b - +0 robe
rPois   .          Reflect  .   c - +0 hat
rElec   .          Harm     .   (no cloak)
rCorr   .          Rampage  .   (gloves unavailable)
Will    .....                   (boots unavailable)
Stlth   +.........              e - amulet of regeneration
HPRegen 1.04/turn               (no ring)
MPRegen 0.14/turn               (no ring)

@: corroded, glowing
A: large, unfitting armour, tough skin 1
a: Renounce Religion


You were on level 6 of the Dungeon.
You worshipped the Shining One.
The Shining One was noncommittal.
You visited 2 branches of the dungeon, and saw 7 of its levels.

You collected 308 gold pieces.

Inventory:

Hand Weapons
 a - a +0 trident (weapon)
Missiles
 s - 5 silver boomerangs (quivered)
Armour
 b - a +0 robe (worn)
 c - a +0 hat (worn)
 q - a +0 kite shield (worn)
Jewellery
 e - an amulet of regeneration (around neck)
Wands
 u - a wand of paralysis (8)
Scrolls
 d - a scroll of noise {unknown}
 f - a scroll of holy word {unknown}
 g - 7 scrolls of identify {unknown}
 h - a scroll of magic mapping {unknown}
 i - a scroll of brand weapon {unknown}
 k - 2 scrolls of fog {unknown}
 l - 7 scrolls of teleportation {unknown}
 m - 2 scrolls of amnesia {unknown}
 n - 2 scrolls of blinking {unknown}
 r - 2 scrolls of fear {unknown}
 v - a scroll of immolation {unknown}
Potions
 j - a potion of lignification {unknown}
 o - a potion of haste {unknown}
 p - 2 potions of flight {unknown}
 t - a potion of heal wounds {unknown}


   Skills:
 + Level 6.5 Fighting
 + Level 5.4 Polearms
 - Level 2.0 Throwing
 + Level 4.9 Dodging
 + Level 2.3 Shields
 + Level 4.6 Spellcasting
 + Level 3.4 Ice Magic


You had 13 spell levels left.
You knew the following spells:

 Your Spells              Type           Power      Damage    Failure   Level
a - Frozen Ramparts       Ice            20%        1d4       36%         3

Your spell library contained the following spells:

 Spells                   Type           Power      Damage    Failure   Level
 Ice Form                 Ice/Tmut       6%         N/A       95%         4
 Summon Ice Beast         Ice/Summ       6%         N/A       95%         4


Dungeon Overview and Level Annotations

Branches:
Dungeon (6/15)             Temple (1/1) D:6

Altars:
Ashenzari
Cheibriados
Dithmenos
Elyvilon
Fedhas
Gozag
Kikubaaqudgha
Makhleb
Nemelex Xobeh
Okawaru
Qazlal
Ru
Sif Muna
Trog
Uskayaw
Vehumet
Wu Jian
Xom
Yredelemnul
Zin
The Shining One

Shops:
D:2 [:   D:6 [

Annotations:
D:6 2 transporters, Heh's ghost, amateur OpWz


Innate Abilities, Weirdness & Mutations

You are too large for most types of armour.
You have tough skin. (AC +1)


Message History

You barely miss the brown ugly thing.
The brown ugly thing is lightly wounded.
The brown ugly thing punches you! The acid corrodes you!
You are splashed with acid!
The brown ugly thing punches you! The acid corrodes you!
You are splashed with acid!
You are too injured to fight recklessly!
Unknown command.
Unknown command.
Aiming: Paralyse
Press: ? - help, Shift-Dir - straight line, f/p - brown ugly thing
Aim: a brown ugly thing (lightly wounded, chance to affect: 31%)
The brown ugly thing easily resists.
The brown ugly thing punches you.
You are splashed with acid!
Aiming: Paralyse
Press: ? - help, Shift-Dir - straight line, f/p - brown ugly thing
Aim: a brown ugly thing (lightly wounded, chance to affect: 31%)
The brown ugly thing easily resists.
The brown ugly thing punches you.
You are splashed with acid!
* * * LOW HITPOINT WARNING * * *
Unknown command.
Unknown command.
Aiming: Paralyse
Press: ? - help, Shift-Dir - straight line, f/p - brown ugly thing
Aim: a brown ugly thing (lightly wounded, chance to affect: 31%)
The brown ugly thing easily resists.
The brown ugly thing punches you.
* * * LOW HITPOINT WARNING * * *
You are splashed with acid.
* * * LOW HITPOINT WARNING * * *
Aiming: Paralyse
Press: ? - help, Shift-Dir - straight line, f/p - brown ugly thing
Aim: a brown ugly thing (lightly wounded, chance to affect: 31%)
The brown ugly thing easily resists.
The brown ugly thing punches you! The Shining One protects you from harm!
You are splashed with acid!
* * * LOW HITPOINT WARNING * * *
Aiming: Paralyse
Press: ? - help, Shift-Dir - straight line, f/p - brown ugly thing
Aim: a brown ugly thing (lightly wounded, chance to affect: 31%)
The brown ugly thing easily resists.
The brown ugly thing punches you!
You die...

..###. #.# ...# #.#
##.# #.# # .# #.# #
.###### #.# #
...... #.# ##..#.#
#.# .....#
..#######.#
#.#.##.........u@.#
#......##..########
#.#.#### ..#...
#.###.# #.# #.# #.#
## ..# ###


You could see a brown ugly thing.

Vanquished Creatures
  A steam dragon (D:6)
  Duvessa (D:4)
  2 ice beasts
  An ogre (D:5)
  A necrophage (D:4)
  A scorpion (D:5)
  Dowan (D:4)
  2 centaur skeletons
  2 orc priests (D:6)
  2 iguanas
  Natasha (thrice) (D:2)
  7 orc wizards
  A hound zombie (D:5)
  7 gnolls
  5 adders
  2 shadow imps
  A white imp (D:5)
  2 ufetubi
  A worm (D:2)
  A dart slug (D:3)
  29 orcs
  7 ball pythons
  6 endoplasms
  2 giant cockroaches (D:1)
  9 hobgoblins
  2 quokkas
  8 bats
  4 frilled lizards
  4 goblins
  4 kobolds
  2 rats
121 creatures vanquished.

Notes
Turn   | Place    | Note
-------+----------+-------------------------------------------
     0 | D:1      | willcat the Ogre Gladiator began the quest for the Orb.
     0 | D:1      | Reached XP level 1. HP: 22/22 MP: 1/1
   339 | D:1      | Reached XP level 2. HP: 29/29 MP: 2/2
   447 | D:1      | Reached skill level 3 in Fighting
   597 | D:1      | Found a faded altar of an unknown god.
   655 | D:1      | Reached skill level 1 in Spellcasting
   973 | D:2      | Noticed Natasha
   977 | D:2      | Noticed a crimson imp
  1003 | D:2      | Killed Natasha
  1004 | D:2      | Reached XP level 3. HP: 11/37 MP: 3/5
  1229 | D:2      | Found Olesif Vain's Book Emporium.
  1312 | D:2      | Found Nasuob's Antique Armour Shoppe.
  1395 | D:2      | Learned a level 3 spell: Frozen Ramparts
  1400 | D:2      | Noticed Natasha
  1419 | D:2      | Killed Natasha
  1420 | D:2      | Reached XP level 4. HP: 8/48 MP: 6/6
  1529 | D:2      | Noticed Natasha
  1535 | D:2      | Killed Natasha
  1833 | D:3      | Reached XP level 5. HP: 53/54 MP: 8/8
  1874 | D:3      | Reached skill level 4 in Fighting
  1921 | D:3      | Reached skill level 1 in Ice Magic
  2566 | D:4      | Noticed Duvessa
  2567 | D:4      | Noticed Dowan
  2595 | D:4      | Killed Duvessa
  2596 | D:4      | Reached XP level 6. HP: 23/63 MP: 8/10
  2749 | D:4      | Killed Dowan
  3112 | D:4      | Reached skill level 5 in Fighting
  3414 | D:4      | Found a white marble altar of Elyvilon.
  3427 | D:4      | Noticed a necrophage
  3442 | D:4      | Killed a necrophage
  3443 | D:4      | Reached XP level 7. HP: 50/72 MP: 10/12
  3856 | D:5      | Entered Level 5 of the Dungeon
  4217 | D:5      | Reached skill level 1 in Shields
  4358 | D:5      | Reached XP level 8. HP: 62/83 MP: 13/13
  4636 | D:5      | Reached skill level 5 in Polearms
  4726 | D:5      | Reached skill level 6 in Fighting
  4781 | D:5      | Noticed a two-headed ogre
  5155 | D:6      | Found a transporter.
  5155 | D:6      | Noticed Heh's ghost (amateur OpWz)
  5161 | D:6      | Found a glowing silver altar of Zin.
  5184 | D:6      | Found a transporter.
  5368 | D:6      | Found a broken altar of Ashenzari.
  5384 | D:6      | Found Xaitro's Antique Armour Shoppe.
  5409 | D:6      | Found a staircase to the Ecumenical Temple.
  5439 | Temple   | Entered the Ecumenical Temple
  5871 | Temple   | Became a worshipper of the Shining One
  6027 | D:6      | Noticed a brown ugly thing
  6037 | D:6      | The Shining One protects you from harm!
  6038 | D:6      | Mangled by a brown ugly thing

Illustrated notes

Levels and vault maps discovered:
D:1:      mrwooster_arrival_statue_3, layout_basic,
          dreamdust_ecumenical_altar_grove, minmay_small_reverse_x
D:2:      layout_loops_ring, serial_shops, nicolae_shop_hallway_plus, shop,
          minmay_crystal_water, uniq_natasha
D:3:      layout_loops_ring, minivault_4, grunt_ministairs_8
D:4:      layout_basic, overflow_temple_1_default, minmay_crystal_room,
          uniq_duvessa
D:5:      layout_gridville, grunt_ministairs_2
D:6:      layout_loops_cross, ashenzari_altar_1, zin_statuary,
          minmay_temple_entry_mist, gammafunk_ghost_stat_death, serial_shops,
          shop, corexii_mini_fake_secret_closet
Temple:   nicolae_temple_no_exploring_needed

Skill      XL: |  1  2  3  4  5  6  7  8 |
---------------+-------------------------+-----
Fighting       | 3 4 5 6 |  6.5
Spellcasting   | 1 2 3 4 |  4.6
Dodging        | 3 4 |  4.9
Ice Magic      | 1 2 3 |  3.4
Polearms       | 4 5 |  5.4
Shields        | 1 2 |  2.3
Throwing       | |  2.0

Action                   |  1- 3 |  4- 6 |  7- 9 || total
-------------------------+-------+-------+-------++-------
Melee: Trident           |   129 |   225 |   268 ||   622
       Punch             |     2 |       |       ||     2
Throw: Throwing net      |     4 |     2 |       ||     6
       Boomerang         |       |       |     4 ||     4
Evoke: Wand              |       |       |     6 ||     6
  Use: Potion            |     1 |       |       ||     1
 Stab: Held in net/web   |     1 |       |       ||     1
       Paralysed         |       |       |     2 ||     2
Armor: Robe              |    35 |    46 |    56 ||   137
Dodge: Dodged            |    64 |    99 |   106 ||   269
Block: Kite shield       |       |       |    65 ||    65

Table legend: (Time is in decaauts)
 A = Elapsed time spent in this place.
 B = Non-inter-level travel time spent in this place.
 C = Inter-level travel time spent in this place.
 D = Time resting spent in this place.
 E = Time spent auto-exploring this place.
 F = Levels seen in this place.
 G = Mean time per level.
                   A        B        C        D        E       F      G
               +--------+--------+--------+--------+--------+-----+--------+
         Total |   6146 |   5992 |    154 |   1125 |   3400 |   7 |  878.0 |
       Dungeon |   5706 |   5552 |    154 |    725 |   3375 |   6 |  951.0 |
        Temple |    439 |    439 |      0 |    400 |     25 |   1 |  439.0 |
               +--------+--------+--------+--------+--------+-----+--------+

Top non-repeatable levels by time:
     D:4: 1542 daAuts
     D:5: 962 daAuts
     D:1: 957 daAuts
     D:3: 845 daAuts
     D:2: 778 daAuts
     D:6: 620 daAuts
  Temple: 439 daAuts
